 Dungeon Crawl Stone Soup version 0.30-a0-627-gc11e7ae810 (webtiles) character file.

Game seed: 18160987322217498159

129713 Citaku the Impregnable (level 16, 0/151 HPs)
             Began as a Minotaur Fighter on Jan 12, 2023.
             Was an Initiate of Gozag.
             Slain by Bai Suzhen
             ... wielding a +0 quarterstaff
              (12 damage)
             ... on level 3 of the Spider Nest.
             The game lasted 01:10:50 (26961 turns).

Citaku the Impregnable (Minotaur Fighter)          Turns: 26961, Time: 01:10:50

Health: 0/151      AC: 42    Str: 26 (27) XL:     16   Next: 51%
Magic:  15/15      EV:  8    Int:  4 (5)  God:    Gozag
Gold:   1176       SH: 17    Dex: 10      Spells: 15/15 levels left

rFire   . . .      SeeInvis .    n - +7 war axe of Uncertain Death {protect, rF- rC+ rN+}
rCold   + + .      Faith    .    s - +2 kite shield
rNeg    + . .      Spirit   .    g - +10 shadow dragon scales "Neimusch" {rC+ Stlth++++}
rPois   .          Reflect  +    (helmet restricted)
rElec   .          Harm     .    q - scarf {rC+ rF+}
rCorr   +          Rampage  +    c - +0 pair of gloves
Will    ++...      Rage     3%   F - +2 pair of boots {rampage}
Stlth   ++                       j - amulet "Ihokhootz" {Reflect Fly Regen+ SH+5}
HPRegen 1.25/turn                m - ring of resist corrosion
MPRegen 0.14/turn                G - ring of Symmetry {+Blink rC- AC+4 Str+2}

@: flying, hasted, very quick
A: horns 2, retaliatory headbutt, berserk 1, dopey 1, strong-willed 1, weak 1,
MP-powered wands, devolution 1
a: Renounce Religion, Evoke Blink, Potion Petition, Call Merchant, Bribe Branch


You were on level 3 of the Spider Nest.
You worshipped Gozag.
Gozag was most pleased with you.
You visited 5 branches of the dungeon, and saw 26 of its levels.
You also visited: Volcano.

You collected 11028 gold pieces.
You spent 4364 gold pieces at shops.
You paid 5488 gold pieces to Gozag.

Inventory:

Hand Weapons
 n - the +7 war axe of Uncertain Death (weapon) {protect, rF- rC+ rN+}
   (You found it on level 8 of the Dungeon)

   rF:        It makes you vulnerable to fire.
   rC:        It protects you from cold.
   rN:        It protects you from negative energy.
 t - a +7 war axe of electrocution
 u - the +9 staff of Olgreb {rPois∞}
   (You took it off Arachne on level 3 of the Spider Nest)

   If the wielder is skilled in Evocations, they can envenom those struck by it,
   dealing poison damage which bypasses armour.
   It enhances your poison magic.
   It grants immunity to poison.
   It can be activated via the 'a'bility menu to radiate toxic energy, with
   effectiveness depending on Evocations skill.
Armour
 c - a +0 pair of gloves (worn)
 g - the +10 shadow dragon scales "Neimusch" (worn) {rC+ Stlth++++}
   (You bought it in a shop on level 13 of the Dungeon)

   rC:        It protects you from cold.
   Stlth:     It makes you much more stealthy.
 q - a scarf of resistance (worn)
 s - a +2 kite shield (worn)
 F - a +2 pair of boots of rampaging (worn)
Jewellery
 j - the amulet "Ihokhootz" (around neck) {Reflect Fly Regen+ SH+5}
   (You bought it in a shop on level 2 of the Dungeon)

   [amulet of reflection]

   It reflects blocked missile attacks.
   Fly:       It grants you flight.
   Regen:     It increases your rate of health regeneration.
   SH:        It affects your SH (+5).
 m - a ring of resist corrosion (left hand)
 y - a +6 ring of strength
 G - the ring of Symmetry (right hand) {+Blink rC- AC+4 Str+2}
   (You found it on level 5 of the Lair of Beasts)

   [ring of protection]

   AC:        It affects your AC (+4).
   Str:       It affects your strength (+2).
   rC:        It makes you vulnerable to cold.
   +Blink:    It lets you blink.
Wands
 a - a wand of polymorph (2)
 b - a wand of paralysis (38)
 d - a wand of quicksilver (20)
 B - a wand of mindburst (14)
 E - a wand of flame (21)
Scrolls
 e - a scroll of brand weapon
 h - 4 scrolls of teleportation
 k - 9 scrolls of identify
 o - a scroll of blinking
 r - 7 scrolls of fog
 w - 2 scrolls of amnesia
 A - a scroll of silence
Potions
 f - a potion of curing
 i - 3 potions of haste
 l - a potion of ambrosia
 p - 5 potions of brilliance
 v - 2 potions of cancellation
 x - 3 potions of flight
Miscellaneous
 C - a box of beasts


   Skills:
 + Level 16.3 Fighting
 * Level 21.9 Axes
 * Level 22.0 Armour
 + Level 9.0 Shields


You had 15 spell levels left.
You didn't know any spells.
Your spell library contained the following spells:

 Spells                   Type           Power      Damage    Failure   Level
 Apportation              Tloc           0%         N/A       98%         1
 Foxfire                  Conj/Fire      0%         2x1d4     98%         1
 Kiss of Death            Conj/Necr      0%         2d5       98%         1
 Necrotise                Necr           0%         1d4       98%         1
 Sandblast                Erth           0%         2d4       98%         1
 Slow                     Hex            0%         N/A       98%         1
 Summon Small Mammal      Summ           0%         N/A       98%         1
 Blink                    Tloc           0%         N/A       99%         2
 Momentum Strike          Conj/Tloc      0%         3d8       99%         2
 Passwall                 Tmut/Erth      0%         N/A       99%         2
 Confusing Touch          Hex            0%         N/A       100%        3
 Dazzling Flash           Conj/Hex       0%         N/A       100%        3
 Hailstorm                Conj/Ice       0%         3d3       100%        3
 Ignite Poison            Fire/Tmut/Pois 0%         N/A       100%        3
 Inner Flame              Hex/Fire       0%         N/A       100%        3
 Lesser Beckoning         Tloc           0%         N/A       100%        3
 Stone Arrow              Conj/Erth      0%         3d7       100%        3
 Vampiric Draining        Necr           0%         2d6       100%        3
 Animate Armour           Summ/Erth      0%         N/A       100%        4
 Dispel Undead            Necr           0%         3d6       100%        4
 Flame Wave               Conj/Fire      0%         2d4       100%        4
 Ice Form                 Ice/Tmut       0%         N/A       100%        4
 Passage of Golubria      Tloc           0%         N/A       100%        4
 Sticky Flame             Conj/Fire      0%         2d3       100%        4
 Agony                    Necr           0%         N/A       100%        5
 Alistair's Intoxication  Tmut/Pois      0%         N/A       100%        5
 Blade Hands              Tmut           0%         N/A       100%        5
 Borgnjor's Vile Clutch   Necr/Erth      0%         N/A       100%        5
 Fireball                 Conj/Fire      0%         3d3       100%        5
 Iskenderun's Battlesphe  Conj           0%         2d6       100%        5
 Silence                  Hex/Air        0%         N/A       100%        5
 Summon Forest            Summ/Tloc      0%         N/A       100%        5
 Yara's Violent Unravell  Hex/Tmut       0%         3d3       100%        5
 Conjure Ball Lightning   Conj/Air       0%         3x3d6     100%        6
 Eringya's Noxious Bog    Tmut/Pois      0%         N/A       100%        6
 Iron Shot                Conj/Erth      0%         9d1       100%        6
 Starburst                Conj/Fire      0%         6d3       100%        6
 Enfeeble                 Hex            0%         N/A       100%        7
 Orb of Destruction       Conj           0%         9d5       100%        7
 Summon Hydra             Summ           0%         N/A       100%        7
 Ignition                 Fire           0%         3d3       100%        8
 Lehudib's Crystal Spear  Conj/Erth      0%         10d2      100%        8
 Simulacrum               Ice/Necr       Unusable   N/A       N/A         6

Dungeon Overview and Level Annotations

Branches:
Dungeon (15/15)            Temple (1/1) D:6            Lair (5/5) D:9
 Shoals (0/4) Lair:3       Spider (3/4) Lair:3        Slime (0/5) Lair:4
    Orc (2/2) D:10            Elf (0/3) Orc:2        Vaults (0/5) D:14
 Depths (0/4) D:15        Volcano (visited)

Altars:
Ashenzari
Cheibriados
Dithmenos
Elyvilon
Fedhas
Gozag
Hepliaklqana
Kikubaaqudgha
Makhleb
Nemelex Xobeh
Okawaru
Qazlal
Ru
Sif Muna
Trog
Uskayaw
Vehumet
Wu Jian
Xom
Yredelemnul
Zin
The Shining One
Jiyva

Shops:
D:2 =   D:7 :   D:12 (   D:13 *[   D:15 !=   Orc:2 (=([[   Lair:4 [

Annotations:
D:8 4 transporters
D:15 1 transporter
Spider:3 Bai Suzhen


Innate Abilities, Weirdness & Mutations

You have a pair of horns on your head.
You reflexively headbutt those who attack you in melee.
You sometimes lose your temper in combat.
You are dopey. (Int -2)
You are strong-willed. (Will+)
You are weak. (Str -2)
You expend magic power (3 MP) to strengthen your wands.
You have hidden genetic defects.


Message History

The five-headed hydra barely misses you.
You feel better.
Bai Suzhen hits you with a +0 quarterstaff.
* * * LOW HITPOINT WARNING * * *
Bai Suzhen tail-slaps you.
* * * LOW HITPOINT WARNING * * *
The ten-headed hydra bites you.
* * * LOW HITPOINT WARNING * * *
You block the ten-headed hydra's attack.
The ten-headed hydra bites you but does no damage. x2
The ten-headed hydra barely misses you. The ten-headed hydra bites you!
* * * LOW HITPOINT WARNING * * *
The ten-headed hydra barely misses you.
You block the ten-headed hydra's attack.
The ten-headed hydra bites you but does no damage. x2
You feel better.
The five-headed hydra bites you but does no damage.
You block the five-headed hydra's attack. x2
The five-headed hydra bites you but does no damage. x2
Bai Suzhen barely misses you. You block Bai Suzhen's attack.
You feel better.
You block the ten-headed hydra's attack. x2
The ten-headed hydra closely misses you.
The ten-headed hydra barely misses you. x2
The ten-headed hydra bites you but does no damage.
You block the ten-headed hydra's attack.
The ten-headed hydra bites you!
* * * LOW HITPOINT WARNING * * *
The ten-headed hydra bites you but does no damage. x2
The five-headed hydra barely misses you.
You furiously retaliate!
You headbutt the five-headed hydra!
The five-headed hydra bites you but does no damage.
You block the five-headed hydra's attack.
The five-headed hydra bites you but does no damage.
You block the five-headed hydra's attack.
As you read the scroll of teleportation, it crumbles to dust.
You feel strangely stable.
Bai Suzhen hits you with a +0 quarterstaff!
You die...
Your body crumbles into a pile of gold.

...##...^........##
.......######....#
#...#^# #....#
#.....#### ##...##
#.......^######...##
#<.................#
##....>....^........#
#^...D..............##
##^.d@..........^.....
###..D.............^.
#..................
##.................
###.................
.<...................
.......###............
.....[................
....#.................


You could see Bai Suzhen, a ten-headed hydra (summoned) and a five-headed hydra
(summoned).

Vanquished Creatures
  Arachne (Spider:3)
  Frances (D:13)
  Kirke (D:13)
  An orc warlord (D:10)
  2 ghost moths
  An ironbound preserver (D:14)
  A broodmother (Spider:2)
  2 dire elephants (Spider:1)
  2 spark wasps
  The ghost of Teubagezo the Eclecticist, a journeyman DECj of Vehumet (Lair:5)
  2 fire dragons (D:15)
  5 entropy weavers
  6 hydras
  A catoblepas (D:14)
  3 radroaches (Spider:2)
  An ogre mage (Orc:1)
  5 boulder beetles
  Erica (D:8)
  8 two-headed ogres
  8 centaur warriors
  6 death yaks (D:9)
  A death scarab (Spider:2)
  An orc high priest (D:10)
  A deep elf knight (Spider:1)
  2 tengu warriors (D:14)
  Urug (D:11)
  The ghost of brujo666 the Covert, a novice SpBr of Gozag (D:10)
  A skeletal warrior (D:9)
  2 pharaoh ants (Spider:2)
  2 orb spiders
  2 wizards
  A deep elf archer (Spider:1)
  2 steelbarb worms (Spider:2)
  11 deep elf pyromancers
  A necromancer (Lair:5)
  A lindwurm (Lair:5)
  9 orc sorcerers
  6 oklob plants (Lair:4)
  8 ugly things (D:14)
  9 wolf spiders
  3 manticores
  A merfolk siren (Lair:3)
  5 cyclopes
  A moth of wrath (Spider:2)
  10 elephants
  5 black mambas
  Maurice (D:11)
  A guardian serpent (Lair:5)
  A gargoyle (D:10)
  A demonic crawler (Spider:1)
  2 torpor snails
  20 cane toads
  A yaktaur (D:15)
  A spectral unseen horror (D:9)
  An unseen horror (D:12)
  8 komodo dragons
  2 freezing wraiths (D:14)
  3 rime drakes
  3 efreet
  A troll (shapeshifter) (D:13)
  A queen bee (Lair:5)
  7 trolls
  2 meliai
  2 merfolk (Lair:3)
  A meliai (shapeshifter) (D:14)
  A tarantella (shapeshifter) (D:15)
  13 polar bears
  8 tarantellas
  4 hornets
  Prince Ribbit (D:6)
  3 dream sheep
  3 blink frogs (Lair:2)
  A raiju (Lair:5)
  5 slime creatures (D:13)
  8 culicivoras
  A shadow (D:12)
  14 jumping spiders
  A vampire (D:11)
  Sigmund (D:2)
  15 wyverns
  4 wraiths
  13 yaks
  4 basilisks
  6 fire elementals (Volcano)
  2 hogs (D:13)
  An unseen horror simulacrum (D:9)
  8 vampire mosquitoes
  22 redbacks
  2 acid dragons
  15 wargs
  20 water moccasins
  17 hell hounds
  An ice beast (D:5)
  16 orc warriors
  2 sky beasts (D:7)
  22 black bears
  3 ogres
  21 wolves
  12 centaurs
  2 kobold brigands (D:9)
  11 bullfrogs
  4 necrophages
  A scorpion (D:3)
  15 killer bees
  3 electric eels
  7 howler monkeys
  6 hounds
  A jelly (D:5)
  15 orc priests
  2 gnoll boudas
  2 iguanas
  46 orc wizards
  2 yak simulacra (Lair:5)
  2 hell rats (Lair:4)
  6 wolf simulacra (Lair:5)
  2 polar bear simulacra (Lair:5)
  A spectral howler monkey (D:9)
  10 gnolls
  9 adders
  9 river rats (Lair:4)
  A shadow imp (D:5)
  A white imp (D:6)
  A howler monkey simulacrum (D:9)
  2 ufetubi
  A worm (D:5)
  95 orcs
  6 ball pythons
  A bat skeleton (D:2)
  4 endoplasms
  3 giant cockroaches
  5 hobgoblins
  4 quokkas
  A ball python skeleton (D:2)
  8 bats
  3 frilled lizards
  8 goblins
  18 kobolds
  6 rats
  A river rat simulacrum (Lair:5)
  A butterfly (Lair:3)
801 creatures vanquished.

Vanquished Creatures (others)
  A wizard (D:14)
  A deep elf archer (Volcano)
  A deep elf pyromancer (Volcano)
  A centaur simulacrum (D:14)
  A human (D:15)
  A centaur (D:14)
  An orc wizard (Orc:2)
  2 orcs
  31 fungi
  64 plants
  12 withered plants
116 creatures vanquished.

Grand Total: 917 creatures vanquished

Notes
Turn   | Place    | Note
-------+----------+-------------------------------------------
     0 | D:1      | Citaku the Minotaur Fighter began the quest for the Orb.
     0 | D:1      | Reached XP level 1. HP: 19/19 MP: 0/0
   102 | D:1      | Reached XP level 2. HP: 25/27 MP: 1/1
   104 | D:1      | Reached skill level 4 in Armour
   399 | D:2      | Noticed Sigmund
   407 | D:2      | Killed Sigmund
   408 | D:2      | Reached skill level 5 in Armour
   408 | D:2      | Reached XP level 3. HP: 19/34 MP: 2/2
   408 | D:2      | Reached XP level 4. HP: 23/41 MP: 3/3
   408 | D:2      | Reached XP level 5. HP: 26/47 MP: 4/4
   637 | D:2      | Found a faded altar of an unknown god.
   653 | D:2      | Got Plato's Directory of Ill Luck
   744 | D:2      | Found Epsag's Jewellery Shop.
  1003 | D:3      | Reached skill level 5 in Axes
  1011 | D:3      | Reached XP level 6. HP: 43/55 MP: 5/5
  1270 | D:3      | Reached skill level 6 in Armour
  1324 | D:3      | Reached skill level 5 in Fighting
  1348 | D:3      | Found a shimmering altar of Xom.
  1647 | D:3      | Found a stormy altar of Qazlal.
  1647 | D:3      | Found a hide-covered altar of Uskayaw.
  1917 | D:3      | Found a basalt altar of Yredelemnul.
  2038 | D:3      | Reached XP level 7. HP: 32/61 MP: 6/6
  2213 | D:4      | Reached skill level 7 in Armour
  2283 | D:4      | Found a hazy altar of Hepliaklqana.
  2476 | D:4      | Found a burning altar of Makhleb.
  2653 | D:5      | Entered Level 5 of the Dungeon
  3163 | D:5      | Found a white marble altar of Elyvilon.
  3167 | D:5      | Found a glowing silver altar of Zin.
  3167 | D:5      | Found a glowing golden altar of the Shining One.
  3752 | D:5      | Reached skill level 8 in Armour
  3752 | D:5      | Reached XP level 8. HP: 14/70 MP: 7/7
  4278 | D:6      | Found an opulent altar of Gozag.
  4279 | D:6      | Noticed Prince Ribbit
  4289 | D:6      | Killed Prince Ribbit
  4290 | D:6      | Reached skill level 9 in Armour
  4293 | D:6      | Became a worshipper of Gozag Ym Sagoz the Greedy
  4457 | D:6      | Found a staircase to the Ecumenical Temple.
  4706 | D:7      | Found a shimmering blue altar of Sif Muna.
  5178 | D:7      | Reached XP level 9. HP: 74/79 MP: 8/8
  5316 | D:7      | Found Hihampar's Tremendous Tomes.
  5634 | Temple   | Entered the Ecumenical Temple
  5948 | Temple   | Reached skill level 12 in Armour
  5948 | Temple   | Reached XP level 10. HP: 92/92 MP: 9/9
  6219 | D:2      | Bought the amulet "Ihokhootz" {Reflect Fly Regen+ SH+5} for
                  | 391 gold pieces
  6387 | D:8      | Reached skill level 13 in Armour
  6423 | D:8      | Found a transporter.
  6427 | D:8      | Found a transporter.
  6429 | D:8      | Found a transporter.
  6465 | D:8      | Found a radiant altar of Vehumet.
  6521 | D:8      | Noticed Erica
  6533 | D:8      | Killed Erica
  6613 | D:8      | Identified the +7 war axe of Uncertain Death {protect, rF-
                  | rC+ rN+}
  6671 | D:8      | Found a snail-covered altar of Cheibriados.
  6785 | D:8      | Found a transporter.
  6799 | D:8      | Noticed a two-headed ogre
  6807 | D:8      | Killed a two-headed ogre
  6971 | D:8      | Found an iron altar of Okawaru.
  7050 | D:9      | Reached skill level 10 in Fighting
  7113 | D:9      | Noticed a skeletal warrior
  7133 | D:9      | Killed a skeletal warrior
  7144 | D:9      | Found the +4 dagger "Morg" {pain, Will+ Int+5}
  7200 | D:9      | Noticed a death yak
  7201 | D:9      | Noticed a death yak
  7217 | D:9      | Noticed a death yak
  7218 | D:9      | Noticed a death yak
  7225 | D:9      | Noticed a death yak
  7226 | D:9      | Killed a death yak
  7233 | D:9      | Noticed a death yak
  7239 | D:9      | Killed a death yak
  7240 | D:9      | Reached skill level 14 in Armour
  7240 | D:9      | Reached XP level 11. HP: 53/101 MP: 10/10
  7249 | D:9      | Killed a death yak
  7260 | D:9      | Killed a death yak
  7270 | D:9      | Killed a death yak
  7277 | D:9      | Killed a death yak
  7337 | D:9      | Found a staircase to the Lair.
  7382 | D:9      | Noticed a four-headed hydra
  7393 | D:9      | Killed a 13-headed hydra
  8041 | D:10     | Entered Level 10 of the Dungeon
  8050 | D:10     | Found a staircase to the Orcish Mines.
  8065 | D:10     | Reached skill level 15 in Armour
  8144 | D:10     | Identified the +5 falchion of Floods {heavy, rElec}
  8281 | D:10     | Found a runed translucent door.
  8282 | D:10     | Noticed brujo666's ghost (novice SpBr)
  8353 | D:10     | Killed brujo666's ghost
  8592 | D:10     | Reached skill level 15 in Axes
  8902 | D:11     | Noticed a two-headed ogre
  8908 | D:11     | Killed a two-headed ogre
  9096 | D:11     | Noticed Maurice
  9102 | D:11     | Killed Maurice
  9248 | D:11     | Reached XP level 12. HP: 110/110 MP: 11/11
  9337 | D:11     | Noticed Urug
  9355 | D:11     | Killed Urug
  9598 | D:12     | Found a hide-covered altar of Uskayaw.
  9629 | D:12     | Noticed a two-headed ogre
  9642 | D:12     | Killed a two-headed ogre
  9666 | D:12     | Reached skill level 16 in Armour
  9756 | D:12     | Found Luronu's Weapon Shoppe.
  9883 | D:12     | Noticed a boulder beetle
  9899 | D:12     | Killed a boulder beetle
 10319 | Orc:1    | Entered Level 1 of the Orcish Mines
 10328 | Orc:1    | Noticed an orc high priest
 10329 | Orc:1    | Noticed an orc warlord
 10417 | D:10     | Killed an orc high priest
 10428 | D:10     | Identified a scroll of acquirement
 10430 | D:10     | Acquired 802 gold pieces
 10514 | D:10     | Killed an orc warlord
 10599 | Orc:1    | Paralysed by an orc sorcerer for 5 turns
 10616 | Orc:1    | Paralysed by an orc sorcerer for 2 turns
 10760 | Orc:1    | Noticed a two-headed ogre
 10761 | Orc:1    | Noticed an ogre mage
 10762 | Orc:1    | Noticed a two-headed ogre
 10762 | Orc:1    | Noticed a two-headed ogre
 10766 | Orc:1    | Noticed a two-headed ogre
 10768 | Orc:1    | Killed a two-headed ogre
 10773 | Orc:1    | Killed a two-headed ogre
 10774 | Orc:1    | Killed an ogre mage
 10775 | Orc:1    | Reached skill level 17 in Armour
 10776 | Orc:1    | Killed a two-headed ogre
 10780 | Orc:1    | Killed a two-headed ogre
 10781 | Orc:1    | Reached XP level 13. HP: 55/119 MP: 12/12
 10897 | Orc:1    | You are sucked into a shaft and drop 1 floor!
 10897 | Orc:2    | Entered Level 2 of the Orcish Mines
 10929 | Orc:2    | Found a staircase to the Elven Halls.
 11921 | Orc:2    | Found Tofast's Armour Shoppe.
 11921 | Orc:2    | Found Nidalibb's Armour Boutique.
 12023 | Orc:2    | Bought a +0 pair of gloves for 58 gold pieces
 12179 | Orc:2    | Found Forupnom's Antique Weapon Shoppe.
 12187 | Orc:2    | Found Aranevac's Jewellery Boutique.
 12246 | Orc:2    | Bought a runed battleaxe for 332 gold pieces
 12246 | Orc:2    | Bought a runed war axe for 227 gold pieces
 14083 | D:13     | Noticed Kirke
 14087 | D:13     | Noticed Frances
 14089 | D:13     | Reached skill level 18 in Armour
 14172 | D:13     | Killed Kirke
 14298 | D:13     | Killed Frances
 14949 | D:13     | Gained mutation: You have large cloven feet. [potion of
                  | mutation]
 14949 | D:13     | Gained mutation: You sometimes lose your temper in combat.
                  | [potion of mutation]
 14949 | D:13     | Gained mutation: You are weak. (Str -2) [potion of
                  | mutation]
 14957 | D:13     | Bought the +10 shadow dragon scales "Neimusch" {rC+
                  | Stlth++++} for 1929 gold pieces
 15242 | D:14     | Reached XP level 14. HP: 58/130 MP: 13/13
 15501 | D:14     | Noticed an ironbound preserver
 15512 | D:14     | Reached skill level 19 in Armour
 15518 | D:14     | Killed an ironbound preserver
 15577 | D:14     | Identified the +7 scale mail of the Crypt {*Corrode +Inv
                  | rPois rF++}
 15788 | D:14     | Found a gate to the Vaults.
 16005 | D:15     | Entered Level 15 of the Dungeon
 16303 | D:15     | Found Nicve's Distillery.
 16309 | D:15     | Bought a potion of curing for 39 gold pieces
 16309 | D:15     | Bought a potion of heal wounds for 65 gold pieces
 16309 | D:15     | Bought a potion of might for 52 gold pieces
 16309 | D:15     | Bought a potion of mutation for 104 gold pieces
 16309 | D:15     | Bought a potion of curing for 39 gold pieces
 16309 | D:15     | Lost mutation: You have large cloven feet. [potion of
                  | mutation]
 16309 | D:15     | Lost mutation: You sometimes lose your temper in combat.
                  | [potion of mutation]
 16309 | D:15     | Gained mutation: You expend magic power (3 MP) to
                  | strengthen your wands. [potion of mutation]
 16309 | D:15     | Gained mutation: You sometimes lose your temper in combat.
                  | [potion of mutation]
 16309 | D:15     | Gained mutation: You are strong-willed. (Will+) [potion of
                  | mutation]
 16379 | D:15     | Found a transporter.
 16785 | D:15     | Found a staircase to the Depths.
 17131 | Lair:1   | Entered Level 1 of the Lair of Beasts
 17186 | Lair:1   | Identified the +11 flail "Ikkuol" {venom, rN+}
 18077 | Lair:2   | Identified the +5 ring mail "Sedawu Rixi" {rC+ rCorr Int+6
                  | Slay-3}
 18528 | Lair:2   | Reached skill level 5 in Shields
 18785 | Lair:2   | Reached skill level 20 in Armour
 19083 | Lair:3   | Found a hole to the Spider Nest.
 19462 | Lair:3   | Reached XP level 15. HP: 139/139 MP: 14/14
 19622 | Lair:3   | Identified the +2 whip "Hugas" {vamp, rElec rPois rC+
                  | Stlth+}
 19762 | Lair:3   | Found a staircase to the Shoals.
 20250 | Lair:4   | Found a viscous altar of Jiyva.
 20251 | Lair:4   | Found a staircase to the Slime Pits.
 20537 | Lair:4   | Found a dark tunnel.
 20672 | Volcano  | Entered a volcano
 20715 | Volcano  | Reached skill level 15 in Fighting
 21383 | Lair:4   | Bought a pair of embroidered boots for 330 gold pieces
 21401 | Lair:5   | Entered Level 5 of the Lair of Beasts
 22310 | Lair:5   | Found a transporter.
 22311 | Lair:5   | Found a transporter.
 22312 | Lair:5   | Noticed Teubagezo's ghost (journeyman DECj)
 22401 | Lair:5   | Reached skill level 21 in Armour
 22413 | Lair:5   | Killed Teubagezo's ghost
 22475 | Lair:5   | Identified the ring of Symmetry {+Blink rC- AC+4 Str+2}
 23444 | Lair:5   | Acquired 848 gold pieces
 23964 | Orc:2    | Bought a runed broad axe for 196 gold pieces
 23964 | Orc:2    | Bought a runed war axe for 182 gold pieces
 23964 | Orc:2    | Bought a warped rapier for 252 gold pieces
 23964 | Orc:2    | Identified the +6 rapier of the Haunted God {flame, Dex+3}
                  | (You bought it in a shop on level 2 of the Orcish Mines)
 23964 | Orc:2    | Bought a runed hand axe for 168 gold pieces
 24133 | Spider:1 | Entered Level 1 of the Spider Nest
 24466 | Spider:1 | Identified the +6 whip "Arbiter" {freeze, rPois Stlth+}
 24733 | Spider:1 | Reached XP level 16. HP: 67/151 MP: 15/15
 25596 | Spider:2 | Gained mutation: You are dopey. (Int -2) [mutagenic glow]
 25615 | Spider:2 | Gained mutation: You have hidden genetic defects.
                  | [mutagenic glow]
 26616 | Spider:3 | Noticed Arachne
 26650 | Spider:3 | Killed Arachne
 26651 | Spider:3 | Reached skill level 22 in Armour
 26921 | Spider:3 | Noticed Bai Suzhen
 26958 | Spider:3 | HP: 5/151 [ten-headed hydra[Bai Suzhen] (8)]
 26961 | Spider:3 | Slain by Bai Suzhen

Illustrated notes

Levels and vault maps discovered:
D:1:      dpeg_arrival_simpleton_c, layout_basic
D:2:      layout_rooms, serial_undead, serial_undead_d, serial_undead_e,
          serial_undead_e, serial_undead_f, shapermc_ecumenical_altar_rom_forum,
          serial_shops, nicolae_shop_statue_plus, corexii_shack, uniq_sigmund
D:3:      layout_basic, minitemple, mainiacjoe_overflow_swirl
D:4:      layout_cave_pools, nzn_hepliaklqana_mist_gate, lightli_temple_of_fire,
          minmay_surrounded
D:5:      layout_basic, dreamdust_divine_triumvirate, serial_bayou,
          serial_bayou_pond_d, serial_bayou_shore_b, serial_bayou_shore_b,
          serial_bayou_shore_a
D:6:      layout_cave_pools, mainiacjoe_overflow_six_doors_small,
          minmay_temple_entry_fiery, corexii_checkpoint_b,
          hangedman_decor_opposing, uniq_prince_ribbit1
D:7:      layout_cave_pools, amcnicky_altar_gilded, minivault_23,
          nicolae_shop_i_like_big_books, abandoned_shop, patterned_corridor
D:8:      layout_cave_pools, overflow_temple_1_default,
          nicolae_overflow_crystal_walls, nicolae_vehumet_radiance,
          nicolae_lava_and_water, nicolae_diode_intersection, uniq_erica
D:9:      layout_basic, dpeg_lair_monsters, dilly_guarded_unrand_morg
D:10:     layout_gridville, orc_0_dummy, gammafunk_ghost_grave, minmay_holes
D:11:     layout_roguey, uniq_urug, uniq_maurice
D:12:     layout_basic, serial_shops, shop,
          nicolae_uskayaw_murder_on_the_dancefloor
D:13:     layout_basic, serial_curves, eino_curves_01, eino_curves_04,
          uniq_frances, uniq_kirke
D:14:     layout_loops_ring, skrybe_vaults_entry_preservation, minivault_14,
          minmay_fractal_squares_diagonal_5
D:15:     grunt_enter_depths_hoard, layout_loops_corners, serial_shops,
          nicolae_diamond_shop, nicolae_diode_basic
Temple:   hellmonk_temple_forest_ring
Lair:1:   beast_lair_carwin_large_3, layout_misc_corridors, st_stairs_13
Lair:2:   layout_regular_city, beast_lair_carwin_6, grunt_megastairs_4,
          infiniplex_staircase_pool
Lair:3:   layout_cave_pods, elwin_shoals_entry_rooms,
          spider_nest_entry_funnel_web, lemuel_fruit_tree, lemuel_fruit_fields,
          grunt_megastairs_3
Lair:4:   layout_small_grid, minmay_slime_entry_oklob_open, enter_volcano_4,
          kennysheep_rathole
Lair:5:   hangedman_lair_tendril_chambers, layout_regular_city,
          hangedman_lair_caniforms_friends, gammafunk_ghost_hive,
          eino_house_with_fridge, lemuel_fruit_fields
Spider:1: layout_spider_delve, beargit_elvish_explorers
Spider:2: layout_spider_delve, nicolae_spider_bug_shape
Spider:3: layout_cave_pods, nicolae_spider_webs_and_nodes, uniq_arachne,
          uniq_bai_suzhen
Orc:1:    layout_caves
Orc:2:    st_orc_town, layout_diamond_mine

Skill      XL: |  1  2  3  4  5  6  7  8  9 10 11 12 13 14 15 16 |
---------------+-------------------------------------------------+-----
Armour         | 5 6 8 9 12 14 15 17 18 20 21 22 | 22.0
Axes           | 4 5 6 7 9 12 13 15 16 18 20 21 | 21.9
Fighting       | 4 5 6 7 9 10 11 12 13 14 15 16 | 16.3
Shields        | 5 7 9 |  9.0

Action                   |  1- 3 |  4- 6 |  7- 9 | 10-12 | 13-15 | 16-18 || total
-------------------------+-------+-------+-------+-------+-------+-------++-------
Melee: War axe           |    20 |    95 |   159 |   475 |  1234 |   283 ||  2266
       Headbutt          |     2 |     9 |    28 |   102 |   293 |    81 ||   515
       Unarmed           |       |       |       |       |     5 |       ||     5
Invok: Call Merchant     |       |       |       |       |     5 |       ||     5
       Potion Petition   |       |       |       |       |     1 |       ||     1
Evoke: Wand              |       |       |       |     1 |       |       ||     1
  Use: Potion            |     1 |       |     9 |    13 |    14 |    13 ||    50
       Scroll            |       |       |    18 |     4 |    23 |     3 ||    48
 Stab: Distracted        |       |       |       |     3 |    17 |     1 ||    21
       Invisible         |       |       |       |       |     3 |       ||     3
       Sleeping          |       |       |       |       |     4 |     1 ||     5
Armor: Scale mail        |    14 |    66 |   101 |   248 |    37 |       ||   466
       Plate armour      |       |       |       |       |    98 |       ||    98
       Shadow dragon sca |       |       |       |       |   976 |   365 ||  1341
Dodge: Dodged            |    25 |    64 |    81 |   170 |   419 |   116 ||   875
Block: Buckler           |    10 |    35 |    42 |   116 |       |       ||   203
       Reflection        |       |       |       |     9 |    39 |     3 ||    51
       Kite shield       |       |       |       |   180 |  1176 |   300 ||  1656
       Other             |       |       |       |       |     7 |       ||     7

Table legend: (Time is in decaauts)
 A = Elapsed time spent in this place.
 B = Non-inter-level travel time spent in this place.
 C = Inter-level travel time spent in this place.
 D = Time resting spent in this place.
 E = Time spent auto-exploring this place.
 F = Levels seen in this place.
 G = Mean time per level.
                   A        B        C        D        E       F      G
               +--------+--------+--------+--------+--------+-----+--------+
         Total |  26963 |  25185 |   1778 |   2112 |  14618 |  27 |  998.6 |
       Dungeon |  14773 |  13374 |   1399 |    914 |   8518 |  15 |  984.9 |
        Temple |    363 |    349 |     14 |    171 |    140 |   1 |  363.0 |
          Lair |   6551 |   6288 |    263 |    690 |   3521 |   5 | 1310.2 |
   Spider Nest |   2647 |   2628 |     19 |    306 |   1473 |   3 |  882.3 |
  Orcish Mines |   2353 |   2273 |     80 |     30 |    890 |   2 | 1176.5 |
       Volcano |    275 |    275 |      0 |      0 |     74 |   1 |  275.0 |
               +--------+--------+--------+--------+--------+-----+--------+

Top non-repeatable levels by time:
  Lair:5: 2253 daAuts
   Orc:2: 1590 daAuts
     D:5: 1381 daAuts
    D:10: 1272 daAuts
     D:9: 1266 daAuts
Spider:2: 1246 daAuts
  Lair:3: 1222 daAuts
     D:3: 1219 daAuts
  Lair:2: 1162 daAuts
     D:7: 1105 daAuts
  Lair:4: 1093 daAuts
    D:13: 1085 daAuts
    D:14: 1070 daAuts
    D:15: 1029 daAuts
     D:6: 908 daAuts
